Map: Mech Depot LE

Players

Metasapien - Winner!

  • Race: Zerg Zerg
  • League: Platinum
  • Spawn Location: 7:00

A.I. 1 (Elite)

  • Race: Terran Terran
  • Spawn Location: 1:00

VOD

Have the link to the VOD?

Description

Time

  • Played on: Sept. 17, 2017, 3:25 p.m.
  • Length: 16:32
Show
View Real Time Build Order
Export as new Build Order

Metasapien Zerg - Winner!

Build Orders: Hatch First 

Get SALT Encoding   

  12  0:01  Drone  
  13  0:13  Overlord  
  13  0:17  Drone  
  13  0:20  Extractor  
  13  0:24  Drone  
  15  0:33  Drone  
  16  0:38  Drone  
  17  0:56  Hatchery  
  16  0:58  Extractor  
  16  0:59  Drone  
  16  1:03  Drone  
  17  1:08  Drone  
  18  1:26  Spawning Pool  
  18  1:28  Drone  
  18  1:33  Drone  
  19  1:42  Drone  
  20  1:52  Overlord  
  20  2:03  Drone  
  21  2:12  Metabolic Boost  
  21  2:14  Queen  
  21  2:15  Queen  
  25  2:16  Drone  
  25  2:17  Drone  
  27  2:23  Overlord  
  27  2:27  Zergling x2  
  28  2:30  Zergling x2  
  29  2:38  Drone  
  30  2:48  Drone  
  31  2:56  Drone  
  31  2:57  Drone x2  
  34  3:11  Evolution Chamber  
  33  3:13  Drone x2  
  33  3:16  Overlord  
  33  3:18  Drone  
  36  3:27  Drone x4  
  38  3:30  Spine Crawler, Lair  
  39  3:42  Overlord  
  39  3:43  Extractor  
  39  3:45  Drone x2  
  40  3:53  Drone  
  40  3:54  Overlord  
  42  3:55  Drone  
  42  4:09  Queen  
  44  4:17  Extractor  
  44  4:20  Zerg Ground Armor Level 1  
  44  4:23  Overlord  
  43  4:24  Overlord  
  43  4:28  Zergling x6  
  43  4:29  Zergling x8  
  50  4:40  Infestation Pit, Hatchery  
  50  4:45  Hydralisk Den  
  47  4:56  Drone x3, Spine Crawler  
  47  4:57  Drone x3  
  52  5:07  Zergling x2  
  52  5:08  Zergling x10  
  52  5:11  Overseer  
  58  5:21  Hive  
  58  5:28  Evolution Chamber  
  57  5:43  Drone x3, Extractor  
  57  5:44  Drone x3  
  53  6:02  Zergling x8  
  51  6:19  Hydralisk x4  
  51  6:20  Hydralisk  
  61  6:25  Muscular Augments  
  61  6:28  Roach Warren  
  61  6:32  Drone x2  
  62  6:33  Drone  
  62  6:34  Pneumatized Carapace  
  62  6:35  Queen  
  65  6:46  Overlord  
  65  6:47  Overlord x2  
  65  6:49  Hydralisk x5  
  65  6:51  Zergling x2  
  65  6:52  Zergling x2  
  77  7:05  Drone  
  77  7:06  Drone  
  77  7:07  Drone  
  80  7:09  Drone x3  
  80  7:10  Drone x2  
  80  7:11  Zergling x2  
  80  7:12  Zergling x4  
  88  7:15  Extractor  
  88  7:18  Extractor  
  88  7:19  Adrenal Glands  
  88  7:22  Drone  
  87  7:27  Zerg Missile Weapons Level 1  
  87  7:38  Drone x3  
  87  7:41  Spine Crawler  
  87  7:43  Drone x2  
  91  7:48  Roach x3  
  91  7:49  Roach x3  
  91  7:50  Zergling x4  
  105  7:53  Zerg Melee Weapons Level 1  
  105  8:02  Queen  
  107  8:06  Drone  
  107  8:07  Drone x3  
  107  8:08  Overlord  
  107  8:09  Overlord x2  
  111  8:24  Glial Reconstitution  
  111  8:27  Ultralisk Cavern, Hydralisk  
  111  8:28  Hydralisk  
  111  8:29  Roach  
  111  8:30  Roach  
  111  8:31  Zergling x6  
  121  8:38  Drone x3  
  124  8:44  Overlord x3  
  124  8:55  Roach x2  
  123  8:56  Swarm Host x2, Zergling x2, Roach x2  
  123  8:58  Roach  
  93  9:20  Zergling x2  
  93  9:21  Zergling x16  
  101  9:42  Zergling x2  
  101  9:43  Zergling x8  
  102  9:57  Hatchery  
  91  10:03  Hatchery  
  88  10:08  Zerg Melee Weapons Level 2  
  88  10:09  Zerg Missile Weapons Level 2  
  85  10:25  Evolution Chamber  
  76  10:34  Hydralisk x2  
  76  10:35  Roach x3, Hydralisk  
  77  10:36  Ultralisk  
  77  10:37  Zergling x6, Ultralisk x2  
  77  10:38  Zergling x10  
  103  11:08  Drone x5  
  108  11:21  Queen x2  
  112  11:27  Chitinous Plating  
  112  11:30  Extractor, Ultralisk  
  112  11:31  Ultralisk, Hydralisk x5  
  133  11:33  Zergling x4  
  135  11:41  Hydralisk  
  135  11:43  Queen  
  135  11:45  Drone x3  
  135  11:46  Drone  
  144  11:47  Drone x2  
  145  12:05  Overlord x3  
  145  12:06  Overlord x2  
  145  12:10  Drone x3  
  145  12:14  Zergling x8  
  145  12:15  Zergling x10  
  157  12:36  Drone  
  158  12:43  Drone, Extractor  
  158  12:44  Drone x2, Extractor  
  160  12:47  Extractor, Hydralisk x3  
  160  12:48  Hydralisk x2  
  160  12:49  Zergling x14  
  160  12:51  Zerg Melee Weapons Level 3  
  175  12:52  Zerg Ground Armor Level 2  
  175  13:00  Zerg Missile Weapons Level 3  
  175  13:11  Roach x3, Hydralisk x3  
  175  13:12  Roach x2  
  191  13:22  Nydus Network  
  190  13:43  Zergling x4  
  190  13:44  Zergling x18  
  190  13:45  Zergling x2  
  148  14:21  Swarm Host, Zergling x2  
  148  14:22  Zergling x12  
  148  14:23  Zergling x14  
  131  14:51  Zergling x10  
  131  14:52  Zergling x10  
  141  14:58  Ultralisk  
  141  14:59  Ultralisk x2, Hydralisk x2  
  161  15:28  Drone  
  161  15:29  Drone x2  
  161  15:30  Drone  
  161  15:31  Drone x2  
  161  15:32  Drone x3  
  168  15:42  Zergling x6  
  169  15:43  Zergling x8  
  168  16:11  Overseer  
Show
View Real Time Build Order
Export as new Build Order

A.I. 1 (Elite) Terran 

Build Orders: MMM Bio 

Get SALT Encoding   

  12  0:00  SCV  
  13  0:13  SCV  
  14  0:18  Supply Depot  
  14  0:25  SCV  
  15  0:29  Refinery  
  15  0:39  SCV  
  16  0:47  Barracks  
  16  0:51  SCV  
  17  1:03  SCV  
  18  1:16  SCV  
  19  1:35  Marine  
  19  1:36  Factory  
  19  1:39  Orbital Command, Supply Depot  
  20  1:50  Barracks  
  20  1:53  Marine  
  21  2:04  SCV  
  22  2:12  Barracks Tech Lab  
  22  2:16  SCV  
  22  2:21  Hellion, Supply Depot  
  25  2:30  Marauder  
  25  2:32  Concussive Shells  
  27  2:37  Barracks Tech Lab  
  27  2:43  Hellion  
  29  2:46  SCV  
  30  2:52  Marauder  
  30  2:56  Marauder  
  30  2:57  Supply Depot  
  34  3:04  Hellion  
  36  3:13  Marauder  
  36  3:19  Marauder  
  40  3:25  Hellion  
  40  3:26  Supply Depot  
  42  3:34  Marauder  
  42  3:38  SCV  
  42  3:41  Marauder  
  47  3:47  Refinery  
  46  3:51  SCV  
  46  3:55  Marine  
  47  4:01  Marine  
  49  4:05  Supply Depot  
  49  4:09  SCV  
  50  4:13  Marine  
  51  4:19  Marine  
  51  4:22  SCV  
  53  4:31  Stimpack, Marine  
  53  4:34  Engineering Bay, SCV  
  53  4:38  Marauder  
  57  4:41  Supply Depot  
  57  4:49  Marine  
  58  4:59  Command Center  
  58  5:02  Terran Infantry Weapons Level 1  
  58  5:04  Marine  
  58  5:06  Marine  
  60  5:22  Marine  
  60  5:23  Engineering Bay  
  60  5:24  Marine  
  62  5:29  Combat Shields  
  62  5:39  Barracks  
  62  5:42  Marine  
  63  5:46  Marine  
  63  5:48  Terran Infantry Armor Level 1  
  64  5:54  Supply Depot  
  64  6:01  Marauder  
  66  6:07  Marauder  
  68  6:11  SCV  
  68  6:13  SCV  
  70  6:23  SCV  
  70  6:25  SCV  
  72  6:26  Barracks Reactor  
  72  6:35  SCV  
  72  6:37  SCV  
  73  6:48  SCV  
  73  6:49  SCV  
  75  6:57  Marauder, Marine  
  75  6:59  Starport  
  75  7:00  SCV  
  79  7:01  SCV  
  79  7:02  Marine  
  81  7:12  SCV  
  81  7:15  Marauder  
  84  7:18  Command Center  
  84  7:28  SCV, Supply Depot  
  85  7:30  SCV  
  85  7:36  Medivac  
  87  7:40  SCV  
  87  7:42  SCV  
  89  7:50  Armory  
  89  7:52  SCV  
  90  7:59  SCV, Supply Depot  
  90  8:04  SCV  
  92  8:06  Medivac  
  92  8:11  SCV  
  95  8:15  Missile Turret  
  95  8:19  Missile Turret  
  95  8:23  Orbital Command, Barracks  
  95  8:28  Marine  
  95  8:30  SCV  
  95  8:32  SCV  
  98  8:36  Terran Infantry Weapons Level 2  
  98  8:38  Starport Reactor  
  98  8:39  Unknown  
  98  8:42  SCV  
  98  8:43  Missile Turret  
  98  8:45  SCV  
  100  8:49  SCV  
  100  8:54  Hellion, Missile Turret, SCV  
  102  8:55  Marine  
  102  8:57  SCV  
  102  9:01  SCV, Marine  
  84  9:03  Marine  
  84  9:05  Marine  
  84  9:06  SCV  
  73  9:12  Marine  
  73  9:13  SCV, Marine  
  73  9:14  Medivac  
  73  9:15  SCV  
  73  9:19  SCV, Marine  
  73  9:21  Marine  
  73  9:23  Marine  
  73  9:25  SCV  
  73  9:30  Marine  
  73  9:31  SCV  
  76  9:32  Marauder, SCV  
  76  9:36  Marine  
  80  9:39  Marine  
  80  9:41  Medivac, Marine  
  80  9:44  Orbital Command  
  84  9:45  Viking  
  84  9:48  Marine  
  84  9:53  Marauder, SCV  
  84  9:55  Marauder  
  84  9:57  Marine  
  84  9:58  Marine  
  85  10:03  Refinery  
  85  10:06  Marine  
  79  10:10  Refinery  
  79  10:11  Viking  
  79  10:14  SCV, Marine x2  
  76  10:15  SCV  
  76  10:16  Marauder, Marine  
  76  10:18  SCV  
  80  10:23  Marine  
  80  10:27  Refinery, SCV x2  
  77  10:30  SCV  
  77  10:32  Marine x2  
  77  10:34  Marine  
  80  10:38  Marauder  
  80  10:39  SCV x2  
  80  10:41  Marine  
  80  10:42  SCV  
  86  10:49  Marine  
  86  10:51  SCV  
  86  10:52  SCV  
  86  10:54  SCV  
  90  10:59  Marauder  
  90  11:01  Marine  
  90  11:02  Factory Tech Lab, Marine  
  90  11:03  SCV  
  95  11:05  SCV  
  95  11:06  SCV  
  95  11:08  Marauder  
  95  11:09  Command Center  
  99  11:15  SCV  
  99  11:17  SCV  
  101  11:20  Siege Tank, Marauder  
  106  11:28  Terran Infantry Weapons Level 3, Marine  
  106  11:29  Marauder, Marine  
  110  11:38  Supply Depot  
  110  11:41  Missile Turret  
  110  11:42  Marauder  
  112  11:51  Marauder, Widow Mine  
  112  11:53  Factory  
  116  11:58  Starport  
  116  12:02  Supply Depot  
  116  12:03  Marauder  
  116  12:06  Missile Turret  
  118  12:09  Hi-Sec Auto Tracking  
  118  12:12  Marauder  
  120  12:19  Armory  
  120  12:20  Widow Mine  
  120  12:22  SCV x2  
  124  12:23  Refinery, SCV x2  
  126  12:34  Refinery, SCV  
  126  12:35  Starport Tech Lab, Widow Mine, SCV x2  
  126  12:36  Missile Turret, Planetary Fortress  
  131  12:39  Missile Turret  
  131  12:41  Supply Depot  
  131  12:49  Siege Tank  
  134  12:52  Barracks  
  134  12:53  Raven, Command Center, High Capacity Fuel Tanks  
  136  13:00  Missile Turret  
  136  13:01  Liberator  
  136  13:05  Barracks Tech Lab, Factory Tech Lab  
  136  13:06  Building Armor  
  136  13:08  Marine  
  136  13:09  Marine  
  136  13:12  Supply Depot, Marine  
  139  13:13  Marine  
  139  13:16  Liberator  
  143  13:21  Siege Tank  
  143  13:22  Widow Mine  
  143  13:26  Marine  
  149  13:27  Marine x2  
  149  13:29  Refinery  
  149  13:30  Marine  
  155  13:36  Raven  
  155  13:37  Marine  
  155  13:39  Supply Depot, Marine  
  159  13:44  Marauder  
  159  13:45  Marine  
  162  13:51  Siege Tank  
  162  13:53  Hellion  
  160  13:59  Marauder  
  160  14:01  Viking  
  151  14:03  Marauder, Supply Depot  
  151  14:06  Marauder  
  151  14:07  Refinery  
  141  14:12  Marine  
  141  14:13  Marine  
  141  14:15  Hellion, Marine  
  117  14:20  Refinery, Marauder  
  117  14:23  SCV  
  117  14:24  Siege Tank, Marine  
  94  14:25  SCV  
  94  14:27  SCV, Marine  
  94  14:29  Marine  
  80  14:31  Command Center, Marine  
  80  14:33  Marine  
  80  14:36  Cyclone  
  69  14:41  SCV  
  69  14:42  Marauder, Marine  
  69  14:43  SCV  
  71  14:48  Marine  
  64  14:56  Hellion  
  64  15:05  Marine  
  45  15:08  Hellion  
  45  15:12  Command Center  
  43  15:28  Marine  
  44  15:32  Marine  
  44  15:34  Marine  
  44  15:35  Command Center  
  41  15:37  Marine  
  41  15:39  Marine  
  41  15:41  Marine  
  37  15:47  Marine  
Tags
 
Add a new tag
Caveats
  • Supply blocks, unpowered buildings, or Contaminate may cause inaccurate times.
  • Supply counts are checked every 10 seconds.